 Dungeon Crawl Stone Soup version 0.25-a0-42-g6c54e25894 (webtiles) character file.

Game seed: 2726496302424985283, levelgen mode: deterministic

738064 Chiseanne the Hoplite (level 27, 0/282 HPs)
             Began as a Demonspawn Wanderer on Oct 21, 2019.
             Was an Initiate of Gozag.
             Slain by a sixfirhy (4 damage)
             ... led by a cacodemon
             ... while paralysed by accursed screaming
             ... on level 1 of the Abyss on Oct 22, 2019.
             The game lasted 04:07:40 (75151 turns).

Chiseanne the Hoplite (Demonspawn Wanderer)        Turns: 75151, Time: 04:07:41

Health: 0/282      AC: 35    Str: 25    XL:     27
Magic:  37/37      EV:  2    Int: 30    God:    Gozag
Gold:   2143       SH:  0    Dex: 22    Spells: 31/35 levels left

rFire    + + .     SeeInvis +   a - +12 war axe "Viufonus" {chop, rN+ Dex+4}
rCold    + . .     Gourm    .   C - +18 shield of the Gong {rElec rN+ MR+ EV-5}
rNeg     + + .     Faith    .   o - +10 scale mail of the Cicada {rCorr MP+9}
rPois    +         Spirit   .   k - +2 helmet {Int+3}
rElec    +         Reflect  +   W - +4 cloak of Giasch Boasae {Regen+}
rCorr    +         Harm     .   l - +2 pair of gloves {Str+3}
MR       +++++     Rnd*Rage +   (boots unavailable) Stlth +.........Rnd*Tele +
                                D - amulet "Jujotzi" {Reflect Str+4 Int+6 SH+4}
HPRegen  0.00/turn              V - ring of Incredulity {rPois rF+ MR+ Slay+3 SInv}
MPRegen  0.25/turn              M - ring "Goh Xax" {rF+ rC+ MR+ Int+2}

@: paralysed, mighty, gold aura
A: hooves 3, berserk 1, blurry vision 2, clever 1, deterioration 1, low mp 2,
powered by pain 3, robust 3, inhibited regeneration, spiny 3, teleportitis 1,
weak 2, no potion heal 1, MP-powered wands, sturdy frame 3
}: 4/15 runes: serpentine, barnacled, slimy, silver
a: Potion Petition, Call Merchant, Bribe Branch, Renounce Religion


You were on level 1 of the Abyss.
You worshipped Gozag.
Gozag was most pleased with you.
You were full.

You visited 10 branches of the dungeon, and saw 52 of its levels.
You visited the Abyss 9 times.
You visited 1 ziggurat, and saw 8 of its levels.
You also visited: Trove and Sewer.

You collected 48127 gold pieces.
You spent 14095 gold pieces at shops.
You paid 31889 gold pieces to Gozag.

Inventory:

Hand Weapons
 a - the +12 war axe "Viufonus" (weapon) {chop, rN+ Dex+4}
   (You bought it in a shop on level 15 of the Dungeon)

   It inflicts extra damage upon your enemies.
   It affects your dexterity (+4).
   It protects you from negative energy.
 s - a +9 morningstar of protection
Missiles
 c - 4 boomerangs of dispersal {!*}
 r - 4 silver boomerangs
 B - 6 throwing nets {!*}
 L - 58 silver javelins
 R - 26 javelins (quivered)
Armour
 k - a +2 helmet of intelligence (worn)
 l - a +2 pair of gloves of strength (worn)
 o - the +10 scale mail of the Cicada (worn) {rCorr MP+9}
   (You bought it in a shop on level 15 of the Dungeon)

   It affects your magic capacity (+9).
   It provides partial protection from all sources of acid and corrosion.
 C - the +18 shield of the Gong (worn) {rElec rN+ MR+ EV-5}
   (You bought it in a shop on level 4 of the Lair of Beasts)

   It affects your evasion (-5).
   It insulates you from electricity.
   It protects you from negative energy.
   It affects your resistance to hostile enchantments.
 W - the +4 cloak of Giasch Boasae (worn) {Regen+}
   (You bought it in a shop on level 15 of the Dungeon)

   It increases your rate of regeneration.
Jewellery
 g - the amulet of the Four Winds {rN+ MR+++ Clar}
   (You found it on level 4 of the Shoals)

   [amulet of nothing]

   It protects you from negative energy.
   It affects your resistance to hostile enchantments.
   It protects you against confusion.
 D - the amulet "Jujotzi" (around neck) {Reflect Str+4 Int+6 SH+4}
   (You bought it in a shop on level 4 of the Lair of Beasts)

   [amulet of reflection]

   It shields you and reflects attacks.
   It affects your strength (+4).
   It affects your intelligence (+6).
   It affects your SH (+4).
 M - the ring "Goh Xax" (right hand) {rF+ rC+ MR+ Int+2}
   (You took it off a naga sharpshooter on level 4 of the Snake Pit)

   [ring of protection from fire]

   It affects your intelligence (+2).
   It protects you from fire.
   It protects you from cold.
   It affects your resistance to hostile enchantments.
 V - the ring of Incredulity (left hand) {rPois rF+ MR+ Slay+3 SInv}
   (You found it on level 15 of the Dungeon)

   [ring of protection from magic]

   It affects your accuracy and damage with ranged weapons and melee attacks
   (+3).
   It protects you from fire.
   It protects you from poison.
   It affects your resistance to hostile enchantments.
   It lets you see invisible.
Wands
 e - a wand of clouds (3)
 p - a wand of acid (31)
 t - a wand of digging (2)
 v - a wand of paralysis (33)
 w - a wand of scattershot (5)
 y - a wand of iceblast (21)
 E - a wand of disintegration (42)
Scrolls
 b - 11 scrolls of teleportation
 j - 28 scrolls of identify
 m - 26 scrolls of remove curse
 n - 3 scrolls of silence
 q - 5 scrolls of immolation
 F - 5 scrolls of blinking
 G - 9 scrolls of magic mapping
 H - 8 scrolls of fog
Potions
 d - a potion of agility
 h - 2 potions of cancellation
 i - 16 potions of curing
 u - 2 potions of ambrosia
 z - 4 potions of brilliance
 A - 8 potions of flight
 K - 3 potions of resistance
 N - 2 potions of haste
 O - 2 potions of invisibility
 Q - 5 potions of berserk rage
 S - 7 potions of heal wounds
Miscellaneous
 x - a lightning rod (4/4)
 I - 2 phantom mirrors
 T - 2 boxes of beasts
 U - 4 sacks of spiders
 X - a lamp of fire
 Z - a fan of gales
Comestibles
 f - 48 rations


   Skills:
 * Level 18.0 Fighting
   Level 1.0 Short Blades
 - Level 16.0 Axes
 - Level 15.0 Throwing
 - Level 20.9 Armour
 * Level 20.2 Dodging
 * Level 24.5 Shields
 - Level 4.8 Spellcasting
   Level 1.0 Hexes
   Level 1.7 Transmutations
 - Level 17.5 Evocations


You had 31 spell levels left.
You knew the following spells:

 Your Spells              Type           Power        Failure   Level  Hunger
a - Summon Butterflies    Summ           #.......     6%          1    None
b - Apportation           Tloc           #.....       6%          1    None
c - Swiftness             Chrm/Air       #.......     10%         2    None

Your spell library contained the following spells:

 Spells                   Type           Power        Failure   Level  Hunger
 Beastly Appendage        Tmut           ###...       3%          1    None
 Confusing Touch          Hex            ##....       4%          1    None
 Corona                   Hex            ##.....      4%          1    None
 Sticks to Snakes         Tmut           ###.....     4%          2    None
 Animate Skeleton         Necr           N/A          6%          1    None
 Flame Tongue             Conj/Fire      #....        6%          1    None
 Freeze                   Ice            #...         6%          1    None
 Magic Dart               Conj           #...         6%          1    None
 Shock                    Conj/Air       #...         6%          1    None
 Sting                    Conj/Pois      #...         6%          1    None
 Summon Small Mammal      Summ           #...         6%          1    None
 Slow                     Hex            ##......     6%          2    None
 Passwall                 Tmut/Erth      ##......     7%          2    None
 Ensorcelled Hibernation  Hex/Ice        ##....       8%          2    None
 Blink                    Tloc           N/A          10%         2    None
 Call Imp                 Summ           #.......     10%         2    None
 Corpse Rot               Necr           N/A          10%         2    None
 Poisonous Vapours        Pois/Air       #.....       10%         2    None
 Searing Ray              Conj           #.....       10%         2    None
 Sublimation of Blood     Necr           #.........   10%         2    None
 Throw Flame              Conj/Fire      #.....       10%         2    None
 Throw Frost              Conj/Ice       #.....       10%         2    None
 Confuse                  Hex            ##......     13%         3    #......
 Spider Form              Tmut/Pois      ##........   13%         3    #......
 Tukima's Dance           Hex            ##......     13%         3    #......
 Dazzling Spray           Conj/Hex       ##....       16%         3    #......
 Ignite Poison            Fire/Tmut/Pois ##......     16%         3    #......
 Inner Flame              Hex/Fire       ##......     16%         3    #......
 Portal Projectile        Hex/Tloc       ##....       16%         3    #......
 Call Canine Familiar     Summ           #.......     19%         3    #......
 Conjure Flame            Conj/Fire      #.......     19%         3    #......
 Gell's Gravitas          Tloc           #.........   19%         3    #......
 Lesser Beckoning         Tloc           #.........   19%         3    #......
 Mephitic Cloud           Conj/Pois/Air  #.......     19%         3    #......
 Ozocubu's Armour         Chrm/Ice       #.......     19%         3    #......
 Recall                   Summ/Tloc      N/A          19%         3    #......
 Static Discharge         Conj/Air       #.......     19%         3    #......
 Stone Arrow              Conj/Erth      #.....       19%         3    #......
 Cause Fear               Hex            ##........   38%         4    ###....
 Ice Form                 Ice/Tmut       ##......     41%         4    ###....
 Petrify                  Tmut/Erth      ##......     41%         4    ###....
 Fulminant Prism          Conj/Hex       ##........   45%         4    ###....
 Leda's Liquefaction      Hex/Erth       ##........   45%         4    ###....
 Airstrike                Air            #.........   54%         4    ###....
 Force Lance              Conj/Tloc      #.......     54%         4    ###....
 Iskenderun's Mystic Bla  Conj           #.......     54%         4    ###....
 Passage of Golubria      Tloc           N/A          54%         4    ###....
 Summon Ice Beast         Ice/Summ       #.......     54%         4    ###....
 Summon Lightning Spire   Summ/Air       #.......     54%         4    ###....
 Throw Icicle             Conj/Ice       #.......     54%         4    ###....
 Blade Hands              Tmut           ###.......   65%         5    #####..
 Yara's Violent Unravell  Hex/Tmut       ###.......   69%         5    #####..
 Alistair's Intoxication  Tmut/Pois      ##......     77%         5    #####..
 Irradiate                Conj/Tmut      ##........   77%         5    #####..
 Metabolic Englaciation   Hex/Ice        ##........   82%         5    #####..
 Silence                  Hex/Air        ##........   82%         5    #####..
 Summon Mana Viper        Hex/Summ       ##......     82%         5    #####..
 Agony                    Necr           #.......     87%         5    #####..
 Bolt of Draining         Conj/Necr      #.........   87%         5    #####..
 Dispel Undead            Necr           #.......     87%         5    #####..
 Excruciating Wounds      Chrm/Necr      #.........   87%         5    #####..
 Lee's Rapid Deconstruct  Erth           #.........   87%         5    #####..
 Lightning Bolt           Conj/Air       #.........   87%         5    #####..
 Summon Forest            Summ/Tloc      #.........   87%         5    #####..
 Hydra Form               Tmut           ###.......   99%         6    ######.
 Bolt of Fire             Conj/Fire      #.........   100%        6    ######.
 Conjure Ball Lightning   Conj/Air       #.........   100%        6    ######.
 Darkness                 Hex            ##........   100%        6    ######.
 Deflect Missiles         Chrm/Air       #.........   100%        6    ######.
 Freezing Cloud           Conj/Ice/Air   #.........   100%        6    ######.
 Invisibility             Hex            ##......     100%        6    ######.
 Statue Form              Tmut/Erth      ##.......    100%        6    ######.
 Dragon Form              Tmut           ###.......   100%        7    #######
 Haunt                    Necr/Summ      #.........   100%        7    #######
 Malign Gateway           Summ/Tloc      #.........   100%        7    #######
 Monstrous Menagerie      Summ           #.........   100%        7    #######
 Ring of Flames           Chrm/Fire      #.........   100%        7    #######
 Summon Greater Demon     Summ           #.........   100%        7    #######
 Summon Hydra             Summ           #.........   100%        7    #######
 Borgnjor's Revivificati  Necr           #.........   100%        8    #######
 Death's Door             Chrm/Necr      #.........   100%        8    #######
 Disjunction              Tloc           #.........   100%        8    #######
 Infestation              Necr           #.........   100%        8    #######
 Necromutation            Tmut/Necr      ##........   100%        8    #######
 Summon Horrible Things   Summ           #.........   100%        8    #######
 Dragon's Call            Summ           #.........   100%        9    #######
 Tornado                  Air            #.........   100%        9    #######


Dungeon Overview and Level Annotations

Branches:
Dungeon (15/15)            Temple (1/1) D:6            Lair (6/6) D:11
 Shoals (4/4) Lair:4        Snake (4/4) Lair:4        Slime (5/5) Lair:6
    Orc (2/2) D:12            Elf (0/3) Orc:2        Vaults (5/5) D:13
  Crypt (0/3) Vaults:2     Depths (5/5) D:15            Zot (5/5) Depths:5
  Sewer (visited)

Altars:
Ashenzari
Dithmenos
Fedhas
Gozag
Hepliaklqana
Makhleb
Nemelex Xobeh
Okawaru
Qazlal
Ru
Sif Muna
Trog
Uskayaw
Vehumet
Wu Jian
Xom
Yredelemnul
Zin
Beogh
Jiyva

Shops:
D:4 ?   D:10 (   D:13 (   D:14 *   D:15 (([[[([[[[[%[   Lair:4 **(=
Depths:1 *   Depths:5 ==}

Portals:
Hell: Depths:1 Depths:2 Depths:3 Depths:4 Depths:5
Abyss: Depths:3 Depths:4
Pandemonium: Depths:3

Annotations:
D:9 2 runed translucent doors
D:12 1 runed translucent door, Cagah's ghost, journeyman GnSk
Slime:4 exclusion: upstairs
Orc:2 !SaintRoka, Saint Roka


Innate Abilities, Weirdness & Mutations

You have hooves in place of feet.
You are powered by pain.
You are extremely robust. (+30% HP)
You are completely covered in sharp spines.
Your movements are significantly less encumbered by armour. (ER -6)
You tend to lose your temper in combat.
Scrolls take you longer to read.
Your mind is acute. (Int +2)
Your body sometimes deteriorates upon taking damage.
Your magical capacity is very low. (-20% MP)
You do not regenerate when monsters are visible.
You are occasionally teleported next to monsters.
You are very weak. (Str -4)
Potions are less effective at restoring your health.
You expend magic power (3 MP) to strengthen your wands.


Message History

You block the sixfirhy's attack.
SHROANNG!
You block the starcursed mass's attack.
GONNNNG!
You block the sixfirhy's attack.
GONNNNG!
A cacophony of accursed wailing tears at your sanity!
* * * LOW HITPOINT WARNING * * *
You suddenly lose the ability to move!
The cacodemon hits you.
* * * LOW HITPOINT WARNING * * *
The cacodemon hits you.
* * * LOW HITPOINT WARNING * * *
The tentacled starspawn bites you but does no damage.
The tentacled starspawn engulfs you but does no damage.
You hear a shout!
You hear a bark!
You hear a horrible gurgling sound! x2
The sixfirhy is struck by your spines. The sixfirhy hits you.
* * * LOW HITPOINT WARNING * * *
The sixfirhy shocks you. You resist.
You die...
Your body crumbles into a pile of gold.

..# .... .
###.$..#.#
##.#$.$.2 #
# ..#$####
.# # # $ .
.#.. .. #
###4 #.. ##
.
#.>##....§.#
#32.## ...
#. #
#V#@#####.#.
. # .#
#XX.#. .
....XXXX# #
...##.......
#.XX..X### #
...#.##X#.#
.#.####.
.##.. . .#
#. #.. # .##
.#


You could see 9 starcursed masses, a cacodemon, a tentacled starspawn, an orange
demon and a sixfirhy.

Vanquished Creatures
  the Royal Jelly (Slime:5)
  2 ancient liches
  Mennas (Depths:4)
  A juggernaut (Depths:4)
  A greater mummy (Zig:5)
  Boris (Depths:4)
  Frederick (Vaults:3)
  3 curse toes
  Xtahua (Vaults:5)
  Margery (Vaults:5)
  7 golden dragons
  A golden dragon (shapeshifter) (Depths:3)
  The ghost of MisterFreud the Executioner, an adept HOAK of Lugonu (Vaults:3)
  14 bone dragons
  A hellephant (Abyss:1)
  Jorgrun (Orc:1)
  20 tentacled monstrosities
  Asterion (Vaults:2)
  3 quicksilver dragons
  An Orb Guardian (Zot:5)
  5 titans
  The ghost of Ecatez the Peltast, an adept HOMo of Beogh (Vaults:3)
  22 acid blobs
  A deep elf blademaster (Depths:3)
  11 liches
  2 Executioners
  Polyphemus (Shoals:3)
  A sphinx (Vaults:5)
  8 shadow dragons
  3 ancient champions (Depths:2)
  A kraken (Shoals:4)
  40 tentacled starspawn
  2 death cobs (Zot:3)
  9 tengu reavers
  14 storm dragons
  11 nagarajas
  4 daevas
  An azure jelly (shapeshifter) (Depths:3)
  Roxanne (D:15)
  16 fire giants
  14 frost giants
  14 azure jellies
  Ilsuiw (Shoals:4)
  5 draconian monks
  4 deep elf sorcerers
  2 cacodemons (Abyss:1)
  An orc warlord (Zig:7)
  6 ghost moths
  A balrug (Depths:2)
  5 draconian knights
  19 vault wardens
  Aizul (Snake:1)
  12 draconian stormcallers
  3 iron dragons
  9 draconian scorchers
  5 draconian shifters
  17 ironheart preservers
  8 draconian annihilators
  3 deep elf elementalists
  2 angels
  5 spriggan defenders
  2 reapers
  35 very ugly things
  15 stone giants
  A stone giant (shapeshifter) (Depths:3)
  6 war gargoyles
  2 bennus (Zig:5)
  11 green draconians
  3 deep elf annihilators (Depths:3)
  3 vampire knights
  112 starcursed masses
  4 lorocyprocas
  8 red draconians
  11 white draconians
  8 black draconians
  A deep elf demonologist (Vaults:5)
  9 purple draconians
  9 spark wasps
  A spark wasp (shapeshifter) (Depths:3)
  8 yellow draconians
  6 merfolk javelineers
  2 blizzard demons
  A mummy priest (Zig:5)
  5 green deaths
  13 merfolk impalers
  2 eidola (Abyss:1)
  Snorg (D:11)
  A deep elf death mage (Depths:4)
  3 jiangshi (Depths:1)
  9 ettins
  Josephine (Lair:5)
  15 fire dragons
  4 deep elf high priests (Vaults:5)
  8 death oozes
  15 yaktaur captains
  14 naga warriors
  14 great orbs of eyes
  5 spriggan air magi
  11 hydras
  Harold (D:8)
  15 ice dragons
  13 rakshasas
  39 vault guards
  Erolcha (D:10)
  A juggernaut simulacrum (Depths:3)
  5 merfolk avatars
  6 merfolk aquamancers (Shoals:4)
  4 catoblepae
  A satyr (shapeshifter) (Depths:3)
  41 two-headed ogres
  14 centaur warriors
  2 alligator snapping turtles (Shoals:4)
  16 ogre magi
  5 death knights
  20 anacondas
  9 tengu warriors
  9 death yaks
  4 vampire magi
  11 deep troll earth magi
  6 deep troll shamans
  11 shock serpents
  Urug (D:13)
  16 thrashing horrors
  2 orc high priests
  3 hell hogs
  4 spriggan berserkers
  12 hell knights
  18 naga sharpshooters
  30 wretched stars
  6 sun demons
  90 large abominations
  A shock serpent (shapeshifter) (Depths:3)
  8 deep elf knights
  A fire crab (Lair:3)
  A fire crab (shapeshifter) (Vaults:1)
  7 sixfirhies
  An anaconda zombie (Abyss:1)
  A death drake (shapeshifter) (Vaults:3)
  2 salamander mystics (Snake:4)
  4 spatial maelstroms
  A titan skeleton (Abyss:1)
  7 shadow wraiths
  6 unseen horrors
  2 unseen horrors (shapeshifter)
  13 skeletal warriors
  A death drake (Abyss:1)
  12 sea snakes
  15 deep trolls
  3 naga ritualists
  A swamp dragon (shapeshifter) (Vaults:5)
  5 glowing orange brains
  A shadow demon (Abyss:1)
  6 wizards
  A lindwurm (Lair:6)
  3 phantasmal warriors
  6 flayed ghosts
  20 ironbrand convokers
  A tengu zombie (Vaults:3)
  5 deep elf archers
  16 harpies
  A wolf spider zombie (Abyss:1)
  9 necromancers
  A sphinx zombie (Zig:6)
  7 orc knights
  2 harpies (shapeshifter)
  11 mana vipers
  11 shining eyes
  3 wolf spiders
  An orb spider (shapeshifter) (Abyss:1)
  4 orc sorcerers
  5 cyclopes
  A manticore (shapeshifter) (Depths:5)
  A tengu skeleton (Vaults:3)
  A mana viper (shapeshifter) (Depths:3)
  A fire giant zombie (Zig:6)
  16 manticores
  2 stone giant zombies
  9 deep elf magi
  A shining eye (shapeshifter) (Depths:3)
  45 ugly things
  A sphinx skeleton (Vaults:3)
  A moth of wrath (shapeshifter) (Vaults:2)
  A fire giant skeleton (Abyss:1)
  A dire elephant zombie (Abyss:1)
  A faun (Shoals:1)
  9 merfolk sirens
  13 worldbinders
  A salamander (shapeshifter) (Depths:3)
  12 salamanders
  2 frost giant skeletons
  20 moths of wrath
  A cyclops (shapeshifter) (Vaults:5)
  A shock serpent zombie (Abyss:4)
  20 vault sentinels
  17 guardian serpents
  2 torpor snails
  8 apocalypse crabs
  A guardian serpent (shapeshifter) (Vaults:4)
  35 black mambas
  5 water nymphs
  15 smoke demons
  15 spiny frogs
  Maurice (D:10)
  A black mamba (shapeshifter) (Vaults:5)
  2 centaur skeletons
  2 molten gargoyles (Lair:6)
  A spiny frog (shapeshifter) (Vaults:3)
  7 eyes of devastation
  A gargoyle (D:10)
  21 naga magi
  12 rime drakes
  46 yaktaurs
  A dire elephant skeleton (Abyss:1)
  A hellion (Abyss:4)
  12 komodo dragons
  A catoblepas zombie (Abyss:1)
  A yaktaur (shapeshifter) (Vaults:4)
  8 orange demons
  9 efreet
  4 demonic crawlers (Abyss:1)
  4 tormentors
  3 kobold demonologists
  35 ancient zymes
  11 freezing wraiths
  A yaktaur zombie (Vaults:3)
  2 guardian mummies
  A hydra zombie (Abyss:1)
  An anaconda simulacrum (Abyss:3)
  2 ice devils
  2 tengu conjurers
  9 trolls
  30 merfolk
  8 wind drakes
  A silent spectre (Abyss:1)
  4 hellwings
  A troll (shapeshifter) (Depths:4)
  A wind drake (shapeshifter) (Abyss:1)
  3 meliai (D:15)
  A queen bee (D:10)
  2 polar bears
  16 blink frogs
  4 hornets
  A bog body (Zig:4)
  A hippogriff (shapeshifter) (Vaults:5)
  54 raiju
  3 dream sheep
  74 slime creatures
  A stone giant simulacrum (Vaults:2)
  9 snapping turtles
  A centaur simulacrum (D:10)
  2 slime creatures (shapeshifter)
  24 hippogriffs
  11 wraiths
  22 ynoxinuls
  23 flying skulls
  3 shadows
  A spriggan (D:8)
  A human (shapeshifter) (Vaults:4)
  64 yaks
  2 fire bats (Abyss:1)
  A tarantella (shapeshifter) (Vaults:4)
  3 vampires
  13 wyverns
  9 water elementals
  A fire bat (shapeshifter) (Vaults:5)
  2 hogs (shapeshifter)
  9 golden eyes
  7 basilisks
  26 chaos spawn
  19 humans (D:13)
  16 neqoxecs
  Menkaure (D:4)
  6 steam dragons
  6 vampire mosquitoes
  A harpy simulacrum (Abyss:1)
  85 small abominations
  A warg (shapeshifter) (D:13)
  3 hungry ghosts
  63 nagas
  3 wargs
  3 spatial vortices
  An acid dragon (D:12)
  6 insubstantial wisps (Abyss:2)
  A hydra simulacrum (Abyss:1)
  12 hell hounds
  A soldier ant (D:15)
  9 water moccasins
  2 floating eyes
  10 porcupines
  A swamp drake (Zig:4)
  28 orc warriors
  8 sky beasts
  4 ice beasts
  A black bear (shapeshifter) (Abyss:3)
  2 black bears (D:6)
  4 phantoms
  12 boggarts
  7 eyes of draining
  14 wolves
  A necrophage (D:7)
  16 crocodiles
  48 ogres
  25 centaurs
  A manticore skeleton (Abyss:1)
  4 big kobolds
  3 human zombies
  12 bullfrogs
  3 gnoll sergeants
  A wyvern zombie (D:13)
  An elf simulacrum (Vaults:1)
  2 scorpions
  3 wyvern skeletons
  26 killer bees
  15 wights
  6 howler monkeys
  An electric eel (Lair:2)
  9 crimson imps
  A centaur zombie (D:6)
  5 lava snakes (Lair:6)
  11 quasits
  3 bullfrog zombies
  14 hounds
  18 orc priests
  5 jellies
  Crazy Yiuf (D:4)
  2 bullfrog skeletons
  38 orc wizards
  13 iron imps
  Jessica (D:2)
  Natasha (twice) (D:4)
  Terence (D:2)
  3 iguanas
  7 hell rats (Lair:3)
  17 worker ants
  An ogre zombie (Abyss:1)
  A hound skeleton (D:4)
  2 mummies (Zig:5)
  19 gnolls
  3 river rats
  15 adders
  7 shadow imps
  14 white imps
  15 ufetubi
  An ooze (D:6)
  6 worms
  8 leopard geckos
  98 orcs
  8 giant cockroaches
  11 goblins
  6 hobgoblins
  12 jackals
  5 quokkas
  A ball python (D:4)
  7 bats
  5 frilled lizards
  22 kobolds
  A leopard gecko skeleton (D:7)
  6 rats
  11 bushes (Abyss:4)
  5 demonic plants (Abyss:4)
  6 fungi
  5 lurking horrors
  2 plants
  60 starspawn tentacles
  2 tentacles (Shoals:4)
3269 creatures vanquished.

Vanquished Creatures (collateral kills)
  A harpy (Shoals:4)
  A smoke demon (Abyss:2)
  A red devil (Abyss:2)
  A merfolk (Shoals:4)
  A snapping turtle (Shoals:4)
5 creatures vanquished.

Vanquished Creatures (others)
  A titan (Depths:4)
  2 fire giants
  A frost giant (Vaults:5)
  A draconian scorcher (Zot:1)
  A spriggan defender (Depths:4)
  A stone giant (Depths:2)
  5 yaktaur captains
  A naga warrior (Snake:3)
  A vault guard (Vaults:1)
  A rakshasa (Abyss:4)
  2 centaur warriors
  4 dancing weapons
  A naga sharpshooter (Snake:4)
  A deep elf archer (Vaults:2)
  An orc knight (Vaults:4)
  A deep elf mage (Abyss:1)
  A faun (Shoals:1)
  A cyclops (Vaults:1)
  A manticore (Shoals:4)
  A black mamba (Snake:2)
  An orange demon (Abyss:1)
  24 yaktaurs
  A ynoxinul (Abyss:4)
  A spatial vortex (Abyss:1)
  A necrophage (Zig:6)
  5 centaurs
  A boggart (Vaults:2)
  4 small abominations
  2 quasits
  An orc (D:12)
  2 kobolds
  2 demonic plants (Abyss:4)
  8 fungi
  3 lurking horrors
  9 plants
  114 starspawn tentacles
  10 tentacles (Shoals:4)
  6 withered plants (Vaults:3)
224 creatures vanquished.

Grand Total: 3498 creatures vanquished

Notes
Turn   | Place    | Note
-------+----------+-------------------------------------------
     0 | D:1      | Chiseanne the Demonspawn Wanderer began the quest for the
                  | Orb.
     0 | D:1      | Chiseanne set off with the following items: a +0 club, a +0
                  | robe, a +0 shield, a ration; and the following spell
                  | memorised: Sting; and the following spells available to
                  | memorise: Ignite Poison
     0 | D:1      | Reached XP level 1. HP: 15/15 MP: 3/3
   249 | D:1      | Reached skill level 2 in Shields
   251 | D:1      | Gained mutation: You have large cloven feet. [demonic
                  | ancestry]
   251 | D:1      | Reached XP level 2. HP: 20/21 MP: 5/5
  1134 | D:2      | Reached skill level 1 in Armour
  1134 | D:2      | Gained mutation: Your movements are slightly less
                  | encumbered by armour. (ER -2) [demonic ancestry]
  1134 | D:2      | Reached XP level 3. HP: 12/27 MP: 6/6
  1465 | D:2      | Noticed Jessica
  1477 | D:2      | Noticed Terence
  1494 | D:2      | Killed Jessica
  1494 | D:2      | Gained mutation: You have hoof-like feet. [demonic
                  | ancestry]
  1494 | D:2      | Reached XP level 4. HP: 14/33 MP: 7/7
  1808 | D:2      | Found a hazy altar of Hepliaklqana.
  1959 | D:2      | Killed Terence
  2352 | D:3      | Found a blossoming altar of Fedhas.
  2601 | D:3      | Gained mutation: You sometimes gain a little power by
                  | taking damage. [demonic ancestry]
  2601 | D:3      | Reached XP level 5. HP: 27/39 MP: 8/8
  2945 | D:3      | Reached skill level 3 in Shields
  2964 | D:3      | HP: 1/40 [gnoll/+0 club (4)]
  3819 | D:4      | Gained mutation: You sometimes gain power by taking damage.
                  | [demonic ancestry]
  3819 | D:4      | Reached XP level 6. HP: 47/47 MP: 9/9
  3956 | D:4      | Found Qeruoph's Magic Scroll Boutique.
  4294 | D:4      | Noticed Menkaure
  4321 | D:4      | Killed Menkaure
  4585 | D:4      | Noticed Natasha
  4596 | D:4      | Killed Natasha
  4596 | D:4      | Gained mutation: You have hooves in place of feet. [demonic
                  | ancestry]
  4596 | D:4      | Reached XP level 7. HP: 49/53 MP: 10/10
  4616 | D:4      | Noticed Natasha
  4622 | D:4      | Killed Natasha
  4749 | D:4      | Found a runed translucent door.
  4750 | D:4      | Noticed Crazy Yiuf
  4757 | D:4      | Killed Crazy Yiuf
  4890 | D:5      | Entered Level 5 of the Dungeon
  4940 | D:5      | Reached skill level 4 in Shields
  4998 | D:5      | Reached skill level 1 in Evocations
  5199 | D:5      | Found a glowing drain.
  5203 | Sewer    | Entered a sewer
  5324 | Sewer    | Found a white marble altar of Elyvilon.
  5523 | D:5      | Reached XP level 8. HP: 49/61 MP: 11/11
  5586 | D:5      | Found a shattered altar of Ashenzari.
  5841 | D:6      | Reached skill level 5 in Fighting
  5857 | D:6      | Reached skill level 5 in Shields
  6120 | D:6      | Found a bloodstained altar of Trog.
  6456 | D:6      | Reached skill level 5 in Armour
  6575 | D:6      | Found a staircase to the Ecumenical Temple.
  6590 | Temple   | Entered the Ecumenical Temple
  6654 | Temple   | Became a worshipper of Gozag Ym Sagoz the Greedy
  6740 | D:6      | Found an iron altar of Okawaru.
  6839 | D:6      | Gained mutation: You are robust. (+10% HP) [demonic
                  | ancestry]
  6839 | D:6      | Reached XP level 9. HP: 51/75 MP: 12/12
  7064 | D:6      | Found a sparkling altar of Nemelex Xobeh.
  7396 | D:4      | Bought a scroll of identify for 20 gold pieces
  7396 | D:4      | Bought a scroll of identify for 20 gold pieces
  7396 | D:4      | Bought a scroll of identify for 20 gold pieces
  7396 | D:4      | Bought a scroll of blinking for 75 gold pieces
  7396 | D:4      | Bought a scroll of teleportation for 30 gold pieces
  7396 | D:4      | Bought a scroll of magic mapping for 35 gold pieces
  7396 | D:4      | Bought a scroll of teleportation for 30 gold pieces
  7396 | D:4      | Bought a scroll of blinking for 75 gold pieces
  7396 | D:4      | Bought a scroll of fog for 20 gold pieces
  7396 | D:4      | Bought a scroll of remove curse for 30 gold pieces
  7442 | D:7      | Reached skill level 6 in Shields
  7659 | D:7      | Reached skill level 5 in Evocations
  7749 | D:7      | Found an opulent altar of Gozag.
  7751 | D:7      | Found a glowing silver altar of Zin.
  7751 | D:7      | Found a shimmering blue altar of Sif Muna.
  7792 | D:7      | Found a shadowy altar of Dithmenos.
  7792 | D:7      | Found a burning altar of Makhleb.
  7792 | D:7      | Found a shimmering altar of Xom.
  7869 | D:7      | Found Zin's Purification Station.
  7870 | D:7      | Found a glowing silver altar of Zin.
  7879 | D:7      | Bought a potion of curing for 90 gold pieces
  8110 | D:8      | Noticed Harold
  8147 | D:8      | Killed Harold
  8147 | D:8      | Gained mutation: Your movements are less encumbered by
                  | armour. (ER -4) [demonic ancestry]
  8147 | D:8      | Reached XP level 10. HP: 28/86 MP: 14/14
  8415 | D:8      | Reached skill level 7 in Shields
  8610 | D:8      | Found a sacrificial altar of Ru.
  9621 | D:9      | Found a large runed translucent door.
  9625 | D:9      | Found a large runed translucent door.
  9636 | D:9      | Found a large runed translucent door.
  9636 | D:9      | Found a large runed translucent door.
  9743 | D:9      | Noticed a two-headed ogre
  9750 | D:9      | Killed a two-headed ogre
 10326 | D:9      | Found a sacrificial altar of Ru.
 10453 | D:9      | Noticed a manticore
 10465 | D:9      | Killed a manticore
 10478 | D:9      | Reached skill level 8 in Shields
 10491 | D:9      | Got a crude robe
 10968 | D:10     | Entered Level 10 of the Dungeon
 11059 | D:10     | Bought a smoking broad axe for 270 gold pieces
 11062 | D:10     | Identified the +8 broad axe of Qoremoqo {freeze, *Rage
                  | Dex+5} (You bought it in a shop on level 10 of the Dungeon)
 11091 | D:10     | Reached XP level 11. HP: 95/95 MP: 16/16
 11178 | D:10     | Noticed Maurice
 11187 | D:10     | Killed Maurice
 11664 | D:10     | Noticed Erolcha
 11686 | D:10     | Killed Erolcha
 11887 | D:10     | Bought a scorched broad axe for 270 gold pieces
 11889 | D:10     | Identified the +12 broad axe of Youthful Indiscretion
                  | {flame, +Rage rPois rC+++ MR-} (You bought it in a shop on
                  | level 10 of the Dungeon)
 12085 | D:10     | Noticed a two-headed ogre
 12102 | D:10     | Killed a two-headed ogre
 12297 | D:10     | Reached skill level 9 in Shields
 12836 | D:11     | Found a staircase to the Lair.
 13283 | D:11     | Noticed Snorg
 13297 | D:11     | Killed Snorg
 13341 | D:11     | Noticed a two-headed ogre
 13359 | D:11     | Killed a two-headed ogre
 13359 | D:11     | Reached skill level 10 in Fighting
 13359 | D:11     | Gained mutation: You are partially covered in sharp spines.
                  | [demonic ancestry]
 13359 | D:11     | Reached XP level 12. HP: 92/106 MP: 18/18
 14903 | D:12     | Reached skill level 10 in Shields
 15207 | D:12     | Found a runed translucent door.
 15207 | D:12     | Found a shimmering altar of Xom.
 15207 | D:12     | Noticed Cagah's ghost (journeyman GnSk)
 15243 | D:12     | Reached skill level 10 in Evocations
 15348 | D:12     | Found a staircase to the Orcish Mines.
 15402 | D:12     | Found a sparkling altar of Nemelex Xobeh.
 15864 | D:12     | Identified the +0 robe of Youthful Indiscretion {Int+3}
                  | (You found it on level 9 of the Dungeon)
 15908 | D:13     | Noticed a centaur warrior
 15925 | D:13     | Killed a centaur warrior
 15925 | D:13     | Reached skill level 10 in Armour
 16294 | D:13     | Found a shadowy altar of Dithmenos.
 16764 | D:10     | Bought a brightly glowing rapier for 270 gold pieces
 16766 | D:10     | Identified the +7 rapier of the Fool {pierce, rC+} (You
                  | bought it in a shop on level 10 of the Dungeon)
 16931 | D:13     | Reached XP level 13. HP: 105/116 MP: 20/20
 17419 | D:13     | Found a gate to the Vaults.
 17751 | D:13     | Identified a scroll of acquirement
 18508 | D:13     | Noticed Urug
 18514 | D:13     | Killed Urug
 18643 | D:13     | Bought a runed morningstar for 224 gold pieces
 18764 | D:14     | Reached skill level 11 in Shields
 19550 | D:14     | Got a fine jade amulet
 19560 | D:14     | Identified the amulet "Qaobopif" {Gourm rN+ Str+8 Dex+2
                  | Slay-2} (You found it on level 14 of the Dungeon)
 19746 | D:14     | Found Xuraozih's Assorted Antiques.
 19756 | D:14     | Bought a scroll of fog for 72 gold pieces
 19756 | D:14     | Bought a potion of curing for 108 gold pieces
 19756 | D:14     | Bought a scorched morningstar for 324 gold pieces
 19756 | D:14     | Bought a notched moonstone ring for 180 gold pieces
 19756 | D:14     | Bought a scroll of identify for 72 gold pieces
 19760 | D:14     | Identified the +0 morningstar of Mourning {venom, rC+} (You
                  | bought it in a shop on level 14 of the Dungeon)
 19893 | D:15     | Entered Level 15 of the Dungeon
 20072 | D:15     | Identified Roxanne's Papyrus of Transformation
 20072 | D:15     | Noticed Roxanne
 20285 | D:15     | Found Ylaup's Food Shop.
 20601 | D:15     | Gained mutation: You are mostly covered in sharp spines.
                  | [demonic ancestry]
 20601 | D:15     | Reached XP level 14. HP: 70/126 MP: 22/22
 21265 | D:15     | Found Vurch's Weapon Emporium.
 21620 | D:15     | Got a warped iron ring
 21743 | D:15     | Found a staircase to the Depths.
 21791 | D:15     | Found Jorohel's Antique Armour Shop.
 21797 | D:15     | Bought a faintly humming shield for 247 gold pieces
 21821 | D:15     | Identified the -7 shield of the Present {*Drain rC+ rN+
                  | Dex+3} (You bought it in a shop on level 15 of the Dungeon)
 21972 | D:15     | Identified the ring of Incredulity {rPois rF+ MR+ Slay+3
                  | SInv} (You found it on level 15 of the Dungeon)
 22106 | D:15     | Chiseanne: hey hey
 22106 | D:15     | Chiseanne: lange nicht gesehen
 22146 | D:15     | Tensor: Hallo :)
 22149 | D:15     | Chiseanne: :)
 22153 | D:15     | Tensor: scharfes Auge ... ich verpasse fast immer wenn
                  | einer mir zuschaut :)
 22156 | D:15     | Chiseanne: :)
 22174 | D:15     | Bought the +12 war axe "Viufonus" {chop, rN+ Dex+4} for
                  | 1441 gold pieces
 22184 | D:15     | Chiseanne: die Axt ist schon mal ganz nett für den Anfang
                  | hehe
 22184 | D:15     | Tensor: Krasse Axt :)
 22285 | D:12     | Tensor: wollte gerade das schreiben ... aber du warst
                  | schneller :))
 22306 | Orc:1    | Entered Level 1 of the Orcish Mines
 22313 | Orc:1    | Chiseanne: :D
 22334 | Orc:1    | Noticed Jorgrun
 22348 | Orc:1    | Killed Jorgrun
 22348 | Orc:1    | Reached skill level 1 in Axes
 22438 | Orc:1    | Found a roughly hewn altar of Beogh.
 22497 | Orc:1    | Reached skill level 12 in Shields
 22852 | Orc:2    | Entered Level 2 of the Orcish Mines
 23219 | Orc:1    | Chiseanne: wichtigste Lektion im Spiel : wenn Dir das Spiel
                  | etwas gutes schenkt lebst Du nicht mehr lange :D
 23306 | Orc:2    | Found a staircase to the Elven Halls.
 23371 | Orc:2    | Noticed Saint Roka
 23562 | Orc:2    | Tensor: lol ... das kenne ich auch ... zurückdenkend ...
                  | immer wenn ich wsa tolles bekommen habe, kamen diese
                  | giftigen dinger und haben mich geplättet -.-
 23563 | Orc:2    | Chiseanne: genau! :D
 23698 | Orc:1    | Gained mutation: You are resistant to hostile enchantments.
                  | (MR+) [potion of mutation]
 23698 | Orc:1    | Gained mutation: You expend magic power (3 MP) to
                  | strengthen your wands. [potion of mutation]
 23728 | Orc:1    | Tensor: aber du bist ein Meister, und ich ein Angänger. Du
                  | überlebst das, ich nicht :)
 23737 | Orc:1    | Chiseanne: ich wünschte das Spiel würde das genau so sehen
                  | :D:D:D
 24260 | Lair:1   | Entered Level 1 of the Lair of Beasts
 24385 | Lair:1   | Reached skill level 1 in Throwing
 25497 | Lair:2   | Chiseanne: wenn Du einem richtigen Meister zuschauen und
                  | lernen willst finde Yermak wenn er spielt
 25625 | Lair:3   | Found a bloodstained altar of Trog.
 25735 | Lair:3   | Tensor: ok, danke für den Tipp :)
 25745 | Lair:3   | Chiseanne: kp..er ist unangefochten der Beste hier
 25745 | Lair:3   | Chiseanne:
                  | http://crawl.akrasiac.org/scoring/players/yermak.html
 25745 | Lair:3   | Chiseanne: 16.33% winrate
 26264 | Lair:3   | Gained mutation: You are very robust. (+20% HP) [demonic
                  | ancestry]
 26264 | Lair:3   | Reached XP level 15. HP: 117/146 MP: 23/23
 26323 | Lair:3   | You fall into a shaft and drop 2 floors!
 26550 | Lair:6   | Entered Level 6 of the Lair of Beasts
 26753 | Lair:6   | Found a staircase to the Slime Pits.
 26753 | Lair:6   | Found a viscous altar of Jiyva.
 27331 | Lair:6   | Chiseanne: damn :D
 27335 | Lair:6   | Reached skill level 5 in Axes
 27686 | Lair:6   | Found a large runed translucent door.
 27688 | Lair:6   | Found a large runed translucent door.
 28131 | Lair:6   | Tensor: eine krasse liste ... sehr lang und beeindruckend.
                  | Um zu sagen, ich kenne nicht mal alle Abkürzungen der Chars
                  | ... :)
 28131 | Lair:6   | Chiseanne: das kommt. nach ein bis 2 Jahrzehnten sitzt das
                  | lol
 28346 | Lair:5   | Noticed Josephine
 28362 | Lair:5   | Reached skill level 5 in Throwing
 28368 | Lair:5   | Reached skill level 13 in Shields
 28377 | Lair:5   | Killed Josephine
 29131 | Lair:5   | Chiseanne: uih
 29131 | Lair:5   | Chiseanne: nice
 29138 | Lair:4   | Found a staircase to the Shoals.
 29427 | Lair:4   | Found a staircase to the Snake Pit.
 30011 | Snake:1  | Entered Level 1 of the Snake Pit
 30068 | Snake:1  | Reached XP level 16. HP: 147/154 MP: 24/24
 30088 | Snake:1  | Chiseanne: ok muss erstmal weg. einkaufen und so
 30088 | Snake:1  | Tensor: bb :)
 30527 | Lair:4   | Bought a potion of flight for 42 gold pieces
 30527 | Lair:4   | Bought a scroll of identify for 28 gold pieces
 30581 | Lair:4   | Bought the +18 shield of the Gong {rElec rN+ MR+ EV-5} for
                  | 1167 gold pieces
 30581 | Lair:4   | Found the +18 shield of the Gong {rElec rN+ MR+ EV-5}
 30658 | Snake:1  | Noticed Aizul
 30669 | Snake:1  | Killed Aizul
 30723 | Snake:1  | Found a glowing silver altar of Zin.
 31519 | Snake:2  | Reached skill level 14 in Shields
 32103 | Snake:4  | Entered Level 4 of the Snake Pit
 32548 | Snake:4  | Reached skill level 10 in Axes
 32565 | Snake:4  | Reached XP level 17. HP: 162/162 MP: 25/25
 32634 | Snake:4  | Reached skill level 15 in Shields
 33106 | Lair:4   | Bought the amulet "Jujotzi" {Reflect Str+4 Int+6 SH+4} for
                  | 605 gold pieces
 33338 | Snake:2  | You fall into a shaft and drop 1 floor!
 34197 | Snake:4  | Identified the ring "Goh Xax" {rF+ rC+ MR+ Int+2}
 34262 | Snake:4  | Reached skill level 16 in Shields
 34617 | Snake:4  | Identified the +7 dagger "Licseo" {drain, Str+4}
 34674 | Snake:4  | Got a serpentine rune of Zot
 34855 | Shoals:1 | Entered Level 1 of the Shoals
 35127 | Shoals:4 | Entered Level 4 of the Shoals
 35179 | Shoals:4 | Reached XP level 18. HP: 140/170 MP: 26/26
 35186 | Shoals:4 | Noticed Ilsuiw
 36150 | Shoals:4 | Killed Ilsuiw
 36698 | Shoals:4 | Noticed Polyphemus
 36906 | Shoals:3 | Killed Polyphemus
 37896 | Shoals:4 | Found the amulet of the Four Winds {rN+ MR+++ Clar}
 38231 | Shoals:4 | Got a barnacled rune of Zot
 38424 | Shoals:1 | Reached skill level 15 in Axes
 39630 | Vaults:1 | Entered Level 1 of the Vaults
 39692 | Vaults:1 | Gained mutation: You are completely covered in sharp
                  | spines. [demonic ancestry]
 39692 | Vaults:1 | Reached XP level 19. HP: 167/177 MP: 27/27
 39795 | Vaults:1 | Reached skill level 17 in Shields
 39863 | Vaults:1 | Reached skill level 5 in Dodging
 41169 | D:15     | Bought a +1 helmet of intelligence for 280 gold pieces
 41201 | D:15     | Learned a level 1 spell: Apportation
 41223 | D:15     | Learned a level 1 spell: Summon Butterflies
 41499 | Vaults:2 | Noticed Asterion
 41516 | Vaults:2 | Killed Asterion
 41639 | Vaults:2 | Reached XP level 20. HP: 131/186 MP: 28/28
 41665 | Vaults:2 | Learned a level 2 spell: Swiftness
 41886 | Vaults:2 | Found a staircase to the Crypt.
 42421 | Vaults:2 | Found a portal to a secret trove of treasure.
 42739 | Vaults:3 | Noticed Frederick
 42753 | Vaults:3 | Killed Frederick
 42753 | Vaults:3 | Reached skill level 18 in Shields
 42911 | Vaults:3 | Reached skill level 15 in Armour
 43187 | Vaults:3 | Found a runed translucent gate.
 43187 | Vaults:3 | Found a runed translucent gate.
 43187 | Vaults:3 | Found a runed translucent gate.
 43187 | Vaults:3 | Noticed MisterFreud's ghost (adept HOAK)
 43187 | Vaults:3 | Noticed Ecatez's ghost (adept HOMo)
 44190 | Vaults:3 | Killed MisterFreud's ghost
 44206 | Vaults:3 | Killed Ecatez's ghost
 44441 | Vaults:4 | Reached skill level 10 in Dodging
 44862 | Vaults:4 | Gained mutation: You are powered by pain. [demonic
                  | ancestry]
 44862 | Vaults:4 | Reached XP level 21. HP: 192/192 MP: 29/29
 45072 | Vaults:4 | Identified the cursed ring of Ihayng {rF+ MP+9 AC-4}
 45339 | Vaults:4 | Noticed a golden dragon
 45943 | D:15     | Bought the +4 cloak of Giasch Boasae {Regen+} for 693 gold
                  | pieces
 45989 | D:15     | Upgraded the game from 0.25-a0-41-g6cf4ce537d to
                  | 0.25-a0-42-g6c54e25894
 45990 | Depths:1 | Entered Level 1 of the Depths
 46011 | Depths:1 | Reached skill level 19 in Shields
 46253 | Depths:1 | Found a gateway to Hell.
 46383 | Depths:1 | Found Ytieli's Assorted Antiques.
 46391 | Depths:1 | Bought a diamond ring for 170 gold pieces
 46391 | Depths:1 | Bought a scroll labeled FAINEYFIRR for 34 gold pieces
 46391 | Depths:1 | Bought a potion of curing for 102 gold pieces
 46391 | Depths:1 | Bought a scroll of enchant armour for 255 gold pieces
 46391 | Depths:1 | Bought a scroll of identify for 68 gold pieces
 46391 | Depths:1 | Bought a potion of heal wounds for 170 gold pieces
 46391 | Depths:1 | Bought a scroll of teleportation for 102 gold pieces
 46391 | Depths:1 | Bought a potion of berserk rage for 170 gold pieces
 47089 | Depths:2 | Found a gateway to a ziggurat.
 47137 | Depths:2 | Gained mutation: Your movements are significantly less
                  | encumbered by armour. (ER -6) [demonic ancestry]
 47137 | Depths:2 | Reached XP level 22. HP: 83/200 MP: 30/30
 47769 | Depths:2 | Identified the cursed +0 long sword of Floods {drain, Str-2
                  | Dex+4 Stlth+}
 47786 | Depths:2 | Identified the +0 ring mail of Defence {rPois rF- Regen+
                  | Str+3}
 48324 | Depths:3 | Noticed a golden dragon
 48324 | Depths:3 | an iron dragon changed into a golden dragon
 48328 | Depths:3 | Killed a golden dragon
 48564 | Depths:3 | Identified the cursed +1 scale mail "Jut Qant" {rN+} (You
                  | found it on level 3 of the Depths)
 48599 | Depths:3 | Reached skill level 20 in Shields
 48661 | Depths:3 | Found a one-way gate to the infinite horrors of the Abyss.
 49439 | Depths:3 | Found a one-way gate leading to the halls of Pandemonium.
 49724 | Depths:4 | Reached XP level 23. HP: 149/207 MP: 31/31
 49917 | Depths:4 | Paralysed by a floating eye for 4 turns
 50096 | Depths:4 | Paralysed by a floating eye for 2 turns
 50179 | Depths:4 | Noticed a juggernaut
 50179 | Depths:4 | Paralysed by a floating eye for 2 turns
 50336 | Depths:4 | Killed a juggernaut
 50349 | Depths:4 | Noticed Boris
 50361 | Depths:4 | Paralysed by a floating eye for 3 turns
 50563 | Depths:4 | Killed Boris
 50574 | Depths:4 | Paralysed by a floating eye for 4 turns
 50815 | Depths:4 | Identified the Disquisition on Lethal Moulding
 50817 | Depths:4 | Identified the +4 executioner's axe of the Chickpea {chop,
                  | -Tele rElec rC++ Str+3} (You found it on level 4 of the
                  | Depths)
 51439 | Depths:5 | Entered Level 5 of the Depths
 51455 | Depths:5 | Noticed Mennas
 51665 | Depths:4 | Reached skill level 21 in Shields
 51692 | Depths:4 | Killed Mennas
 51810 | Depths:5 | Reached skill level 15 in Dodging
 51914 | Depths:5 | Found Meilyele's Gadget Shop.
 51914 | Depths:5 | Found Fekkouluar's Jewellery Shoppe.
 51915 | Depths:5 | Found Feavubiuth's Jewellery Shoppe.
 51920 | Depths:5 | Bought an uncursed ring of ice for 325 gold pieces
 51920 | Depths:5 | Bought an uncursed amulet of the acrobat for 390 gold
                  | pieces
 51920 | Depths:5 | Bought an uncursed amulet of faith for 520 gold pieces
 51933 | Depths:5 | Bought the ring "Osti" {rN+ rCorr Int+4 Dex+2 Stlth-} for
                  | 593 gold pieces
 52092 | Depths:5 | Gained mutation: You are extremely robust. (+30% HP)
                  | [demonic ancestry]
 52092 | Depths:5 | Reached XP level 24. HP: 99/234 MP: 31/31
 52371 | Depths:5 | Found a gate to the Realm of Zot.
 52922 | Vaults:2 | You paid a toll of +3 fire dragon scales to enter a
                  | treasure trove
 52923 | Trove    | Entered a treasure trove
 52942 | Trove    | Got a twitching jade ring
 52999 | Trove    | Identified the ring "Qagrerchu" {Int+4 Stlth+} (You found
                  | it in a treasure trove)
 53170 | Vaults:5 | Entered Level 5 of the Vaults
 53181 | Vaults:5 | Noticed Margery
 53190 | Vaults:5 | Noticed Xtahua
 53456 | Vaults:5 | Identified the ring "Qitod" {*Drain rElec EV+6 Int+6
                  | Stlth-}
 53456 | Vaults:5 | Noticed an ancient lich
 53475 | Vaults:5 | Killed Xtahua
 53503 | Vaults:5 | Killed an ancient lich
 53510 | Vaults:5 | Identified the cursed +1 rapier of Ash {drain, +Blink +Rage
                  | rF+}
 53517 | Vaults:5 | Identified the +3 shortbow "Qiullem" {venom, +Blink}
 53683 | Vaults:5 | Killed Margery
 53814 | Vaults:5 | Reached skill level 22 in Shields
 53850 | Vaults:5 | Reached XP level 25. HP: 121/241 MP: 31/31
 54361 | Vaults:5 | Found the +3 sling "Punk" {acid, rCorr}
 54701 | Vaults:5 | Got a silver rune of Zot
 55450 | D:15     | Bought a pair of faintly humming gloves for 351 gold pieces
 55450 | D:15     | Bought a heavily runed plate armour for 1036 gold pieces
 55452 | D:15     | Identified the cursed +0 pair of gloves "Miti" {rC+ rN+
                  | Stlth+} (You bought it in a shop on level 15 of the
                  | Dungeon)
 55453 | D:15     | Identified the +10 plate armour of Youthful Indiscretion
                  | {Str+4} (You bought it in a shop on level 15 of the
                  | Dungeon)
 55476 | D:15     | Bought a potion of flight for 48 gold pieces
 55476 | D:15     | Bought a potion of curing for 48 gold pieces
 55476 | D:15     | Bought a potion of agility for 64 gold pieces
 55476 | D:15     | Bought a potion of agility for 64 gold pieces
 55476 | D:15     | Bought a potion of agility for 64 gold pieces
 55476 | D:15     | Bought a potion of haste for 160 gold pieces
 55476 | D:15     | Bought a potion of degeneration for 16 gold pieces
 55476 | D:15     | Bought a potion of lignification for 48 gold pieces
 55476 | D:15     | Bought a potion of might for 64 gold pieces
 55827 | Slime:1  | Entered Level 1 of the Pits of Slime
 55837 | Slime:1  | Gained mutation: Potions are less effective at restoring
                  | your health. [a shining eye]
 56548 | D:15     | Bought a +2 pair of gloves of strength for 258 gold pieces
 57090 | Slime:3  | Reached skill level 15 in Evocations
 57108 | Slime:3  | Gained mutation: You are weak. (Str -2) [a shining eye]
 57115 | Slime:3  | Gained mutation: You are occasionally teleported next to
                  | monsters. [a shining eye]
 57181 | Slime:5  | Entered Level 5 of the Pits of Slime
 57222 | Slime:5  | Noticed the Royal Jelly
 57328 | Slime:5  | Killed the Royal Jelly
 57792 | Slime:5  | Found the +3 robe of Clouds {+Thunder rCloud rElec}
 57793 | Slime:5  | Gained mutation: Armour fits poorly on your strangely
                  | shaped body. [a shining eye]
 57798 | Slime:5  | Found the ring of Shadows {Umbra +Inv Stlth+}
 57804 | Slime:5  | Gained mutation: You are clumsy. (Dex -2) [a shining eye]
 57805 | Slime:5  | Gained mutation: You are very weak. (Str -4) [a shining
                  | eye]
 57807 | Slime:5  | Gained mutation: You are somewhat resistant to further
                  | mutation. [a shining eye]
 57878 | Slime:5  | Got a slimy rune of Zot
 57888 | Slime:5  | Identified the +2 long sword of Ocez {freeze, rF+ rC+ Str-2
                  | Dex+2} (You found it on level 5 of the Pits of Slime)
 57912 | Slime:5  | Lost mutation: You are somewhat resistant to further
                  | mutation. [potion of mutation]
 57912 | Slime:5  | Lost mutation: You are resistant to hostile enchantments.
                  | (MR+) [potion of mutation]
 57912 | Slime:5  | Lost mutation: Armour fits poorly on your strangely shaped
                  | body. [potion of mutation]
 57912 | Slime:5  | Lost mutation: You are very weak. (Str -4) [potion of
                  | mutation]
 57912 | Slime:5  | Lost mutation: You are clumsy. (Dex -2) [potion of
                  | mutation]
 57912 | Slime:5  | Lost mutation: You are weak. (Str -2) [potion of mutation]
 57912 | Slime:5  | Gained mutation: Your mind is acute. (Int +2) [potion of
                  | mutation]
 57914 | Slime:5  | Identified the cursed +1 ring mail of the Sea {rPois rC+}
                  | (You found it on level 5 of the Pits of Slime)
 57947 | Slime:5  | Got a clouded ivory ring
 57950 | Slime:5  | Identified the ring of Zion Neu {EV+1 Str+5} (You found it
                  | on level 5 of the Pits of Slime)
 58615 | Zig:1    | Entered Level 1 of a ziggurat
 58635 | Zig:2    | Entered Level 2 of a ziggurat
 58681 | Zig:3    | Entered Level 3 of a ziggurat
 58685 | Zig:3    | Found the +8 arc blade {discharge, rElec}
 58725 | Zig:4    | Entered Level 4 of a ziggurat
 58779 | Zig:5    | Entered Level 5 of a ziggurat
 58784 | Zig:5    | Noticed a greater mummy
 58812 | Zig:5    | Killed a greater mummy
 59006 | Zig:6    | Entered Level 6 of a ziggurat
 59066 | Zig:7    | Entered Level 7 of a ziggurat
 59077 | Zig:7    | Gained mutation: You do not regenerate when monsters are
                  | visible. [a neqoxec]
 59281 | Zig:8    | Entered Level 8 of a ziggurat
 59288 | Zig:8    | Gained mutation: Your body sometimes deteriorates upon
                  | taking damage. [a cacodemon]
 59289 | Zig:8    | Noticed Punliqe the pandemonium lord
 59843 | D:15     | Bought the +10 scale mail of the Cicada {rCorr MP+9} for
                  | 1368 gold pieces
 60042 | Zot:1    | Entered Level 1 of the Realm of Zot
 60160 | Zot:1    | Reached XP level 26. HP: 234/250 MP: 35/35
 60173 | Zot:1    | Reached skill level 10 in Throwing
 60859 | Zot:2    | Identified the +9 rapier of Oenomania {drain, +Rage MR+}
                  | (You found it on level 2 of the Realm of Zot)
 61911 | Zot:2    | Identified the +7 morningstar of the Desolation of Salt
                  | {freeze, rC+} (You found it on level 2 of the Realm of Zot)
 63327 | Zot:3    | Reached skill level 15 in Throwing
 64783 | Zot:5    | Entered Level 5 of the Realm of Zot
 64838 | Zot:5    | Reached XP level 27. HP: 158/254 MP: 35/35
 65296 | Zot:5    | Noticed an ancient lich
 65310 | Zot:5    | Noticed an ancient lich
 65310 | Zot:5    | Noticed an orb of fire
 65310 | Zot:5    | Noticed an ancient lich
 65311 | Zot:5    | Noticed an orb of fire
 65637 | Depths:4 | Voluntarily entered the Abyss.
 65637 | Abyss:1  | Found a corrupted altar of Lugonu.
 65707 | Abyss:1  | Identified the +8 spear "Ufueblun" {drain, MR++ SInv} (You
                  | found it on level 1 of the Abyss)
 65738 | Abyss:1  | Found a corrupted altar of Lugonu.
 66125 | Abyss:3  | Paralysed by accursed screaming for 1 turns
 66133 | Abyss:3  | Paralysed by accursed screaming for 2 turns
 66296 | Abyss:3  | Gained mutation: You tend to lose your temper in combat. [a
                  | neqoxec]
 66297 | Abyss:3  | Gained mutation: Scrolls take you a little longer to read.
                  | [a neqoxec]
 66494 | Abyss:3  | Paralysed by accursed screaming for 1 turns
 66504 | Depths:4 | Escaped the Abyss
 66820 | Depths:4 | Voluntarily entered the Abyss.
 67229 | Depths:4 | Escaped the Abyss
 67680 | Depths:3 | Voluntarily entered the Abyss.
 67701 | Abyss:1  | Found a corrupted altar of Lugonu.
 67740 | Abyss:1  | Paralysed by you for 4 turns
 68162 | Abyss:1  | Gained mutation: You are weak. (Str -2) [a neqoxec]
 68296 | Abyss:1  | Reached skill level 23 in Shields
 68746 | Abyss:3  | Paralysed by accursed screaming for 1 turns
 68873 | Abyss:3  | Reached skill level 15 in Fighting
 68921 | Abyss:3  | Paralysed by accursed screaming for 2 turns
 69414 | Abyss:4  | Gained mutation: Your magical capacity is low. (-10% MP) [a
                  | neqoxec]
 69477 | Abyss:4  | Paralysed by accursed screaming for 1 turns
 69489 | Depths:3 | Escaped the Abyss
 69918 | Depths:3 | Voluntarily entered the Abyss.
 70028 | Depths:3 | Escaped the Abyss
 70225 | Depths:3 | Voluntarily entered the Abyss.
 70231 | Abyss:1  | Found a corrupted altar of Lugonu.
 70583 | Abyss:1  | Paralysed by accursed screaming for 1 turns
 71107 | Abyss:2  | Paralysed by accursed screaming for 2 turns
 71488 | Abyss:2  | Paralysed by you for 3 turns
 71492 | Abyss:3  | Found a corrupted altar of Lugonu.
 71506 | Depths:3 | Escaped the Abyss
 71737 | Depths:3 | Voluntarily entered the Abyss.
 71892 | Abyss:1  | Paralysed by accursed screaming for 2 turns
 71896 | Depths:3 | Escaped the Abyss
 72107 | Depths:3 | Voluntarily entered the Abyss.
 72107 | Abyss:1  | Found a corrupted altar of Lugonu.
 72157 | Abyss:1  | Identified Gidumume's Handbook of Twisted Poisoning
 72351 | Abyss:1  | Paralysed by accursed screaming for 1 turns
 72359 | Abyss:1  | Paralysed by accursed screaming for 1 turns
 72475 | Abyss:2  | Found a corrupted altar of Lugonu.
 72489 | Depths:3 | Escaped the Abyss
 72902 | D:15     | Bought a scroll of torment for 97 gold pieces
 72902 | D:15     | Bought a scroll of silence for 97 gold pieces
 72902 | D:15     | Bought a scroll of brand weapon for 260 gold pieces
 72902 | D:15     | Bought a scroll of teleportation for 39 gold pieces
 72902 | D:15     | Bought a scroll of identify for 26 gold pieces
 72902 | D:15     | Bought a scroll of enchant weapon for 97 gold pieces
 72902 | D:15     | Bought a scroll of identify for 26 gold pieces
 72902 | D:15     | Bought a scroll of fog for 26 gold pieces
 72902 | D:15     | Bought 2 scrolls of identify for 52 gold pieces
 72902 | D:15     | Bought a scroll of enchant armour for 97 gold pieces
 72902 | D:15     | Bought a scroll of noise for 13 gold pieces
 72902 | D:15     | Bought a scroll of teleportation for 39 gold pieces
 72956 | D:15     | Killed Roxanne
 73152 | Depths:3 | Voluntarily entered the Abyss.
 73197 | Abyss:1  | Got an ichor-stained war axe
 73200 | Abyss:1  | Identified the +0 war axe "Totuisew" {vamp, rElec rF+
                  | Dex+4} (You found it on level 1 of the Abyss)
 73340 | Abyss:1  | Reached skill level 24 in Shields
 73550 | Depths:3 | Escaped the Abyss
 73755 | Depths:3 | Voluntarily entered the Abyss.
 73962 | Abyss:1  | Found a sacrificial altar of Ru.
 74396 | Abyss:1  | Gained mutation: You are very weak. (Str -4) [a shining
                  | eye]
 74612 | Abyss:1  | Gained mutation: Your magical capacity is extremely low.
                  | (-30% MP) [a neqoxec]
 75037 | Abyss:1  | Gained mutation: Scrolls take you longer to read. [a
                  | cacodemon]
 75112 | Abyss:1  | Paralysed by accursed screaming for 1 turns
 75131 | Abyss:1  | Noticed an ancient lich
 75148 | Abyss:1  | Killed an ancient lich
 75150 | Abyss:1  | HP: 12/282 [starcursed mass/accursed screaming (12)]
 75150 | Abyss:1  | Paralysed by accursed screaming for 2 turns
 75151 | Abyss:1  | HP: 4/282 [sixfirhy[a cacodemon] (3)]
 75151 | Abyss:1  | Slain by a sixfirhy

Levels and vault maps discovered:
D:1:      dpeg_arrival_windows_large_door, layout_loops_corners, minivault_14
D:2:      layout_rooms, lemuel_round_altar, first_ration, uniq_jessica,
          uniq_terence
D:3:      layout_rooms, fedhas_altar_2
D:4:      layout_loops_ring, serial_shops, nicolae_shop_statue_plus,
          uniq_crazy_yiuf_cottage, uniq_menkaure, uniq_natasha
D:5:      layout_rooms, marbit_many_paths, gup_sewer_entry_spiral,
          serial_bayou_crossing
D:6:      layout_basic, lemuel_coloured_pillars_altar,
          okawaru_altar_gauntlet_db, minmay_temple_entry_hall,
          trog_ov_bears_minmay
D:7:      layout_rooms, zin_purify, doesnt_xom_only_xom
D:8:      minmay_clustersquares, layout_layer_cave, serial_glass,
          glass_columns_b, glass_columns_b, the_bakery,
          nicolae_ru_sacrificial_ziggurat, uniq_harold
D:9:      layout_layer_cave, kennysheep_mini_moat, minmay_hollow_rounded_squares
D:10:     layout_roguey, special_room [special_room_bee], dk_vineyard_3,
          small_statue_alley_a, minmay_stone_trees_medium, uniq_maurice,
          uniq_erolcha
D:11:     layout_roguey, david_lair_shrubbed, minmay_misc_feat_square,
          chequers_serial_rivers_micro_b, minmay_crystal_water, uniq_snorg
D:12:     layout_loops_corners, hiddenorc1_lemuel, ebering_ghost_xom,
          nemelex_xobeh_ov_fountains_minmay
D:13:     layout_layer_cave, grunt_vaults_entry_tiered,
          grunt_dithmenos_smoke_and_mirrors, uniq_urug
D:14:     minmay_cut_squares, layout_stronghold, serial_shops,
          nicolae_shop_waterfront, hangedman_decor_clover_reticule
D:15:     grunt_enter_depths_magical_seal, layout_basic, serial_shops,
          nicolae_shop_behind_doors, nicolae_shop_behind_doors, shop,
          hangedman_abyss_or_decor_slice, hangedman_abyss_or_decor_stagger,
          uniq_roxanne
Temple:   eino_temple_water
Lair:1:   layout_loops_ring
Lair:2:   layout_misc_corridors, serial_bayou_shore_a
Lair:3:   layout_misc_corridors, basic_altar, minmay_shattered_shrine
Lair:4:   layout_long_grid, minmay_shoals_entry_beasts,
          minmay_snake_entry_guardpost_medium, st_stairs_3
Lair:5:   layout_roguey [special_room_mythical_zoo], grunt_megastairs_1,
          uniq_josephine
Lair:6:   cheibrodos_lair_end_hotspot, layout_regular_city, slime_altar_1
Shoals:1: layout_shoals, nicolae_shoals_drake_roost
Shoals:2: layout_shoals
Shoals:3: layout_shoals, serial_shops, nicolae_shop_crystal,
          portal_ice_cave_entry_pillars_2
Shoals:4: shoals_end_grunt_ice, layout_shoals, shoal_ilsuiw,
          nicolae_shoals_siren_and_animal_friends, uniq_polyphemus
Snake:1:  layout_gridlike, basic_altar, grunt_megastairs_5, uniq_aizul
Snake:2:  layout_rooms, st_stairs_11
Snake:3:  layout_layer_cave
Snake:4:  grunt_snake_rune_serpentine_throne, layout_misc_corridors,
          grunt_megastairs_2
Slime:1:  layout_caves
Slime:2:  layout_caves
Slime:3:  layout_caves, cheibrodos_slime_lost_civilization_7
Slime:4:  layout_caves
Slime:5
Orc:1:    layout_caves, basic_altar, uniq_jorgrun
Orc:2:    st_orc_congregation, layout_caves, uniq_saint_roka
Vaults:1: v_misc_8, ontoclasm_vaults_misaligned,
          ontoclasm_vaults_decontamination, ontoclasm_vaults_gateway,
          vaults_mumra_minichess, vaults_room_semicircle, hangedman_vaults_hat,
          v_misc_9, v_misc_1, hangedman_vaults_stagger, v_misc_15,
          layout_vaults_big_room
Vaults:2: nicolae_vaults_mini_display_case, blue_anna_dwarven_crypt,
          nicolae_vaults_ring_of_whatevers, vaults_room_grid,
          nicolae_vaults_windows_and_doors_thing,
          nicolae_vaults_little_squares_3, v_misc_17, vaults_room_semicircle,
          vaults_room_stairs_pillars, st_more_cells, layout_vaults_quadrants,
          nicolae_trove_entry_path_of_doom, uniq_asterion
Vaults:3: gammafunk_vaults_ghost_cemetery, v_misc_33, hangedman_vaults_slither,
          grunt_vaults_bifocal, vaults_room_semicircle,
          nicolae_vaults_holding_cells, v_misc_4, hangedman_vaults_capsules,
          vaults_standard_mumra_lines, nicolae_vaults_alarming,
          vaults_dpeg_encased_lava, layout_vaults_omnicross, uniq_frederick
Vaults:4: nicolae_vaults_triangles, ontoclasm_vaults_ligature,
          vaults_room_glass_cross, v_misc_28, ontoclasm_vaults_ring_large,
          nicolae_vaults_network_quinsquares
          [nicolae_vaults_network_quincunx_subvault,
          nicolae_vaults_network_quincunx_subvault,
          nicolae_vaults_network_quincunx_subvault,
          nicolae_vaults_network_quincunx_subvault], hangedman_vaults_cutoff,
          v_misc_9, nicolae_vaults_network_barrier, v_misc_25,
          nicolae_vaults_specimen_jars, vaults_mumra_chevron,
          layout_vaults_maze_bifur
Vaults:5: uniq_xtahua, uniq_margery
Depths:1: layout_cave_pools, minmay_misc_feat_encased, hell_entry,
          kennysheep_four_rooms, minmay_shop_star, serial_bayou_shore_b,
          kennysheep_random_hallway
Depths:2: cheibrodos_poisonous_passages, layout_cave_shapes, enter_ziggurat_d,
          lightli_too_deep, infiniplex_staircase_river
Depths:3: hangedman_crystal_crosses_colossus [crystal_crosses_arms_four,
          crystal_crosses_arms_two, crystal_crosses_arms_two,
          crystal_crosses_arms_one], hell_entry, abyss_entry, pan_entry
Depths:4: minmay_the_grid_square_5x5_5x5_mashed
          [minmay_the_grid_square_5x5_tri_point,
          minmay_the_grid_square_5x5_trominoes,
          minmay_the_grid_square_5x5_inner_i,
          minmay_the_grid_square_5x5_sharp_hourglass,
          minmay_the_grid_square_5x5_almost_minimal,
          minmay_the_grid_square_5x5_meh, minmay_the_grid_square_5x5_prize_open,
          minmay_the_grid_square_5x5_lines,
          minmay_the_grid_square_5x5_prize_deathbox,
          minmay_the_grid_square_5x5_spiral_small,
          minmay_the_grid_square_5x5_two_walls_a,
          minmay_the_grid_square_5x5_three,
          minmay_the_grid_square_5x5_prize_junk,
          minmay_the_grid_square_5x5_shrine2, minmay_the_grid_square_5x5_mess,
          minmay_the_grid_square_5x5_seven,
          minmay_the_grid_square_5x5_prize_gold, minmay_the_grid_square_5x5_n,
          minmay_the_grid_square_5x5_prize_itemx,
          minmay_the_grid_square_5x5_misaligned,
          minmay_the_grid_square_5x5_eight, minmay_the_grid_square_5x5_detours,
          minmay_the_grid_square_5x5_forky, minmay_the_grid_square_5x5_empty,
          minmay_the_grid_square_5x5_minibox], layout_cave_shapes, hell_entry,
          minmay_room_of_horrors, serial_sigils_hangedman_snap,
          mu_enter_wizlab_7, uniq_boris
Depths:5: grunt_crosshair, layout_cave_pools, pf_coc_iceberg,
          chequers_hall_statues_wall_a, minmay_shop_grove, uniq_mennas
Zot:1:    kennysheep_room_grid, layout_twisted_circle
Zot:2:    lemuel_draconian_sentries, layout_twisted_circle
Zot:3:    layout_cathedral_of_symmetry
Zot:4:    layout_onion_interference
Zot:5:    layout_misc_corridors, grunt_megastairs_4
Abyss:1:  hangedman_decor_riveting, evilmike_abyss_exit_glass,
          bh_abyss_negative, hangedman_elemental_corridor,
          evilmike_abyss_exit_1, minivault_1

Skill      XL: |  1  2  3  4  5  6  7  8  9 10 11 12 13 14 15 16 17 18 19 20 21 22 23 24 25 26 27 |
---------------+----------------------------------------------------------------------------------+-----
Shields        | 2 3 4 5 6 8 9 10 11 12 13 14 16 17 18 19 20 21 22 24 | 24.5
Armour         | 1 2 3 4 5 6 7 9 10 11 12 13 14 15 16 18 19 20 | 20.9
Fighting       | 2 3 4 5 7 8 10 11 12 13 18 | 18.0
Dodging        | 2 3 4 7 10 12 13 15 16 17 20 | 20.2
Evocations     | 2 4 6 7 9 10 11 17 | 17.5
Spellcasting   | 4 |  4.8
Axes           | 4 6 10 12 15 16 | 16.0
Throwing       | 3 6 9 15 | 15.0
Short Blades   | |  1.0
Hexes          | |  1.0
Transmutations | |  1.7

Action                   |  1- 3 |  4- 6 |  7- 9 | 10-12 | 13-15 | 16-18 | 19-21 | 22-24 | 25-27 || total
-------------------------+-------+-------+-------+-------+-------+-------+-------+-------+-------++-------
Melee: Club              |    13 |       |       |       |       |       |       |       |       ||    13
       Short sword       |    97 |    70 |       |       |       |       |       |       |       ||   167
       Kick              |    24 |    49 |   119 |   327 |   421 |   432 |   588 |   517 |  1804 ||  4281
       Mace              |       |   121 |       |       |       |       |       |       |       ||   121
       Trident           |       |   107 |   466 |   807 |   258 |       |       |       |       ||  1638
       Whip              |       |       |     8 |       |       |       |       |       |       ||     8
       Morningstar       |       |       |       |    35 |   181 |       |       |       |     7 ||   223
       Hand axe          |       |       |       |    87 |    60 |       |       |       |       ||   147
       Rapier            |       |       |       |    25 |    41 |       |       |       |       ||    66
       War axe           |       |       |       |       |   519 |   992 |  1236 |  1017 |  3336 ||  7100
       Staff             |       |       |       |       |       |       |       |       |    54 ||    54
       Unarmed           |       |       |       |       |       |       |       |       |    18 ||    18
Throw: Dart              |     1 |    10 |     3 |     6 |    15 |       |       |       |       ||    35
       Throwing net      |       |     1 |       |       |       |       |       |       |       ||     1
       Boomerang         |       |       |       |       |     2 |       |       |       |       ||     2
       Javelin           |       |       |       |       |       |    14 |    13 |       |    22 ||    49
 Cast: Summon Butterflie |       |       |       |       |       |       |       |       |     2 ||     2
Invok: Call Merchant     |       |       |       |     1 |     2 |     5 |     2 |       |     8 ||    18
       Potion Petition   |       |       |       |       |       |       |       |       |     1 ||     1
 Abil: Evoke Invisibilit |       |       |       |       |     3 |       |       |       |       ||     3
Evoke: Wand              |       |       |       |     5 |    20 |    14 |       |       |    13 ||    52
       Lamp of fire      |       |       |       |     1 |     3 |       |       |     1 |     2 ||     7
       Phial of floods   |       |       |       |       |       |       |     1 |       |       ||     1
  Use: Scroll            |     7 |     5 |    11 |    11 |    18 |     3 |     6 |    15 |    34 ||   110
       Potion            |       |     5 |     3 |       |     9 |     1 |     3 |     8 |    23 ||    52
 Stab: Invisible         |       |     1 |       |       |    11 |       |       |       |     1 ||    13
       Distracted        |       |       |       |     6 |     9 |    10 |    19 |    14 |    67 ||   125
       Paralysed         |       |       |       |     8 |       |       |       |       |       ||     8
       Confused          |       |       |       |       |       |       |       |       |     1 ||     1
       Sleeping          |       |       |       |       |       |       |       |       |     1 ||     1
  Eat: Chunk             |     2 |    10 |     9 |       |       |       |       |       |       ||    21
       Ration            |       |       |     2 |    10 |    12 |    10 |     8 |     6 |    22 ||    70
Armor: Leather armour    |     8 |       |       |       |       |       |       |       |       ||     8
       Ring mail         |    20 |    17 |   179 |    39 |       |       |       |       |       ||   255
       Scale mail        |       |    86 |    45 |       |       |       |       |       |   336 ||   467
       Chain mail        |       |       |       |   359 |   657 |   281 |   187 |   246 |   181 ||  1911
Dodge: Dodged            |    38 |   119 |   225 |   297 |   448 |   118 |   122 |   254 |   982 ||  2603
Block: Shield            |    53 |   274 |   418 |   848 |  1057 |  1448 |  1255 |  1324 |  4111 || 10788
       Reflection        |       |     7 |    11 |    20 |    43 |    86 |   162 |   106 |    76 ||   511
       Other             |       |       |       |       |       |       |       |       |     4 ||     4

Table legend:
 A = Non-vault XP
 B = Vault XP
 C = Vault XP percentage of total XP
 D = Non-vault monster count
 E = Vault monster count
 F = Vault count percentage of total count
                 A         B        C        D         E       F
            +---------+---------+-------+---------+---------+-------
      Total | 1227196 |  768126 |  38.5 |    2348 |     874 |  27.1
            +---------+---------+-------+---------+---------+-------
        D:1 |      34 |       0 |   0.0 |      20 |       0 |   0.0
        D:2 |      99 |      73 |  42.4 |      20 |       2 |   9.1
        D:3 |     144 |       0 |   0.0 |      28 |       0 |   0.0
        D:4 |     290 |     260 |  47.3 |      24 |       3 |  11.1
        D:5 |     424 |      81 |  16.0 |      11 |       7 |  38.9
        D:6 |    1664 |     295 |  15.1 |      35 |       8 |  18.6
        D:7 |    1343 |       0 |   0.0 |      26 |       0 |   0.0
        D:8 |    1110 |    1712 |  60.7 |      12 |       9 |  42.9
        D:9 |     909 |    2157 |  70.4 |      19 |      11 |  36.7
       D:10 |    5532 |    2566 |  31.7 |      42 |      17 |  28.8
       D:11 |    7057 |    1489 |  17.4 |      45 |       2 |   4.3
       D:12 |    5045 |     321 |   6.0 |      37 |      16 |  30.2
       D:13 |    7907 |    8653 |  52.3 |      41 |      26 |  38.8
       D:14 |    7597 |    3574 |  32.0 |      20 |       4 |  16.7
       D:15 |   11736 |    7810 |  40.0 |      30 |      13 |  30.2
     Lair:1 |    2701 |       0 |   0.0 |      11 |       0 |   0.0
     Lair:2 |    3348 |       0 |   0.0 |      17 |       0 |   0.0
     Lair:3 |    4646 |    5971 |  56.2 |      30 |      15 |  33.3
     Lair:4 |    7282 |    1862 |  20.4 |      32 |       7 |  17.9
     Lair:5 |   11393 |    9481 |  45.4 |      28 |      36 |  56.2
     Lair:6 |    7725 |    7673 |  49.8 |      24 |      26 |  52.0
   Shoals:1 |    9985 |    2377 |  19.2 |      21 |       9 |  30.0
   Shoals:2 |   12838 |       0 |   0.0 |      23 |       0 |   0.0
   Shoals:3 |    4718 |   11527 |  71.0 |      11 |      12 |  52.2
   Shoals:4 |   18034 |   33161 |  64.8 |      44 |      46 |  51.1
    Snake:1 |   18277 |    2634 |  12.6 |      40 |       3 |   7.0
    Snake:2 |   18349 |    1413 |   7.2 |      30 |       3 |   9.1
    Snake:3 |   16411 |       0 |   0.0 |      27 |       0 |   0.0
    Snake:4 |   25913 |   44461 |  63.2 |      45 |      68 |  60.2
    Slime:1 |    5181 |       0 |   0.0 |      11 |       0 |   0.0
    Slime:2 |    5632 |       0 |   0.0 |      15 |       0 |   0.0
    Slime:3 |   29083 |    3533 |  10.8 |      31 |       3 |   8.8
    Slime:4 |    8525 |       0 |   0.0 |      23 |       0 |   0.0
    Slime:5 |    8807 |   35501 |  80.1 |      10 |      17 |  63.0
      Orc:1 |    2340 |    3169 |  57.5 |      34 |       1 |   2.9
      Orc:2 |    2098 |    2315 |  52.5 |      29 |      28 |  49.1
   Vaults:1 |   45524 |   33067 |  42.1 |      71 |      44 |  38.3
   Vaults:2 |   27098 |   17701 |  39.5 |      48 |      18 |  27.3
   Vaults:3 |   21349 |   39617 |  65.0 |      38 |      40 |  51.3
   Vaults:4 |   29695 |   36800 |  55.3 |      39 |      39 |  50.0
   Vaults:5 |   28959 |  140475 |  82.9 |      38 |      96 |  71.6
   Depths:1 |   46886 |   11932 |  20.3 |      58 |      11 |  15.9
   Depths:2 |   33442 |   36572 |  52.2 |      38 |      26 |  40.6
   Depths:3 |    8725 |   76038 |  89.7 |      11 |      61 |  84.7
   Depths:4 |   44099 |   81253 |  64.8 |      54 |      60 |  52.6
   Depths:5 |   25713 |   19111 |  42.6 |      26 |      15 |  36.6
      Zot:1 |   42085 |   18896 |  31.0 |      26 |      12 |  31.6
      Zot:2 |   26984 |   15660 |  36.7 |      14 |      10 |  41.7
      Zot:3 |   76645 |       0 |   0.0 |      45 |       0 |   0.0
      Zot:4 |    7378 |       0 |   0.0 |       7 |       0 |   0.0
      Zot:5 |   18858 |   21097 |  52.8 |      11 |      14 |  56.0
    Abyss:1 |  313079 |   21584 |   6.4 |     550 |      13 |   2.3
    Abyss:2 |   42649 |    1093 |   2.5 |      83 |       3 |   3.5
    Abyss:3 |   53657 |    3018 |   5.3 |     126 |       7 |   5.3
    Abyss:4 |   24263 |       0 |   0.0 |      72 |       0 |   0.0
      Zig:1 |    1487 |       0 |   0.0 |       2 |       0 |   0.0
      Zig:2 |    2976 |       0 |   0.0 |       2 |       0 |   0.0
      Zig:3 |    3302 |       0 |   0.0 |       5 |       0 |   0.0
      Zig:4 |    5073 |       0 |   0.0 |       5 |       0 |   0.0
      Zig:5 |   11149 |       0 |   0.0 |       9 |       0 |   0.0
      Zig:6 |    4390 |       0 |   0.0 |       8 |       0 |   0.0
      Zig:7 |    7196 |       0 |   0.0 |      15 |       0 |   0.0
      Zig:8 |     358 |       0 |   0.0 |       1 |       0 |   0.0
      Sewer |       0 |     143 | 100.0 |       0 |      13 | 100.0
            +---------+---------+-------+---------+---------+-------
